 Dungeon Crawl Stone Soup version 0.24.0-37-gcf1ca852f1 (webtiles) character file.

Game seed: 17082353601075569673, levelgen mode: deterministic

22891 Iamsoldier the Thaumaturge (level 13, -19/101 HPs)
             Began as a Gnoll Skald on Dec 1, 2019.
             Was a Believer of Ashenzari.
             Killed from afar by a fire giant (34 damage)
             ... with a fireball
             ... on level 11 of the Dungeon.
             The game lasted 00:38:33 (15799 turns).

Iamsoldier the Thaumaturge (Gnoll Skald)           Turns: 15799, Time: 00:38:34

Health: -19/101    AC: 10    Str: 18    XL:     13   Next: 3%
Magic:  15/26      EV: 19    Int: 19    God:    Ashenzari [**....]
Gold:   441        SH: 12    Dex: 18    Spells: 21/30 levels left

rFire    . . .     SeeInvis .   b - +6 flail (drain)
rCold    . . .     Gourm    .   g - +0 shield (curse)
rNeg     . . .     Faith    .   o - +1 leather armour {MR+} (curse)
rPois    .         Spirit   .   h - +2 hat (curse)
rElec    .         Reflect  .   H - +0 cloak (curse)
rCorr    .         Harm     .   A - +1 pair of gloves (curse)
MR       +....                  (no boots)
Stlth    ++++......             (no amulet)
HPRegen  0.26/turn              z - ring "Nyl Kopt" {Str+3 Dex+3} (curse)
MPRegen  0.20/turn              (no ring)

@: lethally poisoned (-19 -> -39), shrouded
A: distributed training, fangs 1, strong nose
a: Curse Item, Scrying, Renounce Religion


You were on level 11 of the Dungeon.
You worshipped Ashenzari.
Ashenzari was pleased with you.
You were not hungry.

You visited 2 branches of the dungeon, and saw 12 of its levels.

You collected 441 gold pieces.

Inventory:

Hand Weapons
 a - a +0 trident
 b - a +6 flail of draining (weapon)
Missiles
 c - 5 boomerangs of dispersal (quivered)
Armour
 e - the +1 hat of Ycezolel {+Inv MR++ Int+4 Slay+3}
   (You found it on level 11 of the Dungeon)

   It affects your intelligence (+4).
   It affects your accuracy and damage with ranged weapons and melee attacks
   (+3).
   It affects your resistance to hostile enchantments.
   It lets you turn invisible.
 g - a cursed +0 shield (worn)
 h - a cursed +2 hat (worn)
 o - a cursed +1 leather armour of magic resistance (worn)
 u - a +1 cloak of magic resistance
 A - a cursed +1 pair of gloves (worn)
 H - a cursed +0 cloak (worn)
 I - a +0 troll leather armour
Jewellery
 z - the cursed ring "Nyl Kopt" (left hand) {Str+3 Dex+3}
   (You acquired it on level 10 of the Dungeon)

   [ring of strength]

   It affects your strength (+3).
   It affects your dexterity (+3).
   It has a curse placed upon it.
Wands
 q - a wand of flame (4)
 t - a wand of disintegration (35)
 F - a wand of polymorph (4)
Scrolls
 f - 5 scrolls of enchant armour
 i - 2 scrolls of teleportation
 j - 4 scrolls of identify
 k - 2 scrolls of magic mapping
 m - a scroll of blinking
 n - 3 scrolls of amnesia
 x - 3 scrolls of noise {unknown}
 E - a scroll of holy word {unknown}
Potions
 l - 2 potions of curing
 r - a potion of mutation {unknown}
 s - 2 potions of lignification
 v - 5 potions of flight
 w - 2 potions of haste {unknown}
 B - 2 potions of brilliance {unknown}
 D - a potion of ambrosia {unknown}
Miscellaneous
 J - a box of beasts
Comestibles
 d - 23 rations


   Skills:
 + Level 9.1 Fighting
 + Level 7.7 Short Blades
 + Level 7.7 Long Blades
 + Level 7.7 Axes
 + Level 7.7 Maces & Flails
 + Level 9.1 Polearms
 + Level 7.7 Staves
 + Level 7.7 Slings
 + Level 7.7 Bows
 + Level 7.7 Crossbows
 + Level 7.7 Throwing
 + Level 8.2 Armour
 + Level 9.1(10.4) Dodging
 + Level 7.7(9.2) Stealth
 + Level 7.7(9.2) Shields
 + Level 7.7 Unarmed Combat
 + Level 9.3 Spellcasting
 + Level 6.4 Conjurations
 + Level 6.4 Hexes
 + Level 8.5 Charms
 + Level 6.4 Summonings
 + Level 6.4 Necromancy
 + Level 6.4 Translocations
 + Level 6.4 Transmutations
 + Level 6.4 Fire Magic
 + Level 6.4 Ice Magic
 + Level 6.4 Air Magic
 + Level 6.4 Earth Magic
 + Level 6.4 Poison Magic
 + Level 8.4 Invocations
 + Level 7.7 Evocations


You had 21 spell levels left.
You knew the following spells:

 Your Spells              Type           Power        Failure   Level  Hunger
a - Infusion              Chrm           ####         1%          1    None
b - Shroud of Golubria    Chrm/Tloc      #####.       1%          2    None
c - Spectral Weapon       Hex/Chrm       #####...     2%          3    None
d - Regeneration          Chrm/Necr      #####.....   2%          3    None

Your spell library contained the following spells:

 Spells                   Type           Power        Failure   Level  Hunger
 Animate Skeleton         Necr           N/A          1%          1    None
 Apportation              Tloc           ####..       1%          1    None
 Confusing Touch          Hex            ####..       1%          1    None
 Summon Small Mammal      Summ           ####         1%          1    None
 Song of Slaying          Chrm           #####...     1%          2    None


Dungeon Overview and Level Annotations

Branches:
Dungeon (11/15)            Temple (1/1) D:5            Lair (0/6) D:9
    Orc (0/2) D:10

Altars:
Ashenzari
Cheibriados
Dithmenos
Elyvilon
Fedhas
Gozag
Hepliaklqana
Kikubaaqudgha
Makhleb
Nemelex Xobeh
Okawaru
Qazlal
Ru
Sif Muna
Trog
Uskayaw
Vehumet
Wu Jian
Xom
Yredelemnul
Zin
The Shining One

Portals:
Trove: D:11 (give +2 gold dragon scales)


Innate Abilities, Weirdness & Mutations

Your experience applies equally to all skills.
You have very sharp teeth.
Your uncanny sense of smell can sniff out nearby items.


Message History

The tengu reaver struggles to resist.
You feel sick.
The tengu reaver hits you but does no damage.
The tengu reaver pecks you.
* * * LOW HITPOINT WARNING * * *
The tengu reaver closely misses you.
Evoke which item? (* to show all) (? for menu, Esc to quit)
Aiming: Disintegrate
Press: ? - help, Shift-Dir - straight line, f/p - tengu reaver
Aim: a tengu reaver, wielding a +2 broad axe of venom, wearing a +0 scale mail of fire resistance and wearing a +0 buckler of reflection (severely wounded, lightly drained, chance to defeat MR: 66%)
The tengu reaver is blasted!!
You blow up the tengu reaver!
You have reached level 13!
You feel very sick.
You swap places.
Your skin stops crawling.
* * * LOW HITPOINT WARNING * * *
You feel sick.
The fire giant gestures at you while chanting.
The fireball explodes!
The fireball engulfs you!!
You die...

#.#.....#..#.#.#..######(.#..
#...#.#.#...#.#...#.#.#...#..
#..######..#.#.#..#.^...#)#..
###.......#.#.#.#(#.....#.#..
#..#####.#.#...#.##.#.#...#..
#### ##.#.....#.#########..
#######C.#.#......#..
#..).#.#.#.#.######.
##(@##.#..#.#....##.
#...(#.#.#.#(#...##.
##.C##.#.#..#.#####.
#%...#.#.#.#.#.#.##.
#.##.)#.#.#.#.#(####
#.....#.#.#.#.)#(#
################(# #......#
#.# #......####)###


You could see a fire giant and a friendly spectral +6 flail of draining.

Vanquished Creatures
  2 tengu reavers (D:11)
  A fire giant (D:11)
  A fire dragon (D:11)
  2 yaktaur captains (D:11)
  A hydra (D:11)
  A catoblepas (D:11)
  2 centaur warriors (D:11)
  2 two-headed ogres
  A hell knight (D:11)
  A deep troll (D:11)
  Pikel (D:6)
  2 ugly things
  2 cyclopes (D:11)
  Maurice (D:9)
  2 gargoyles
  3 tengu conjurers (D:11)
  A slime creature (D:11)
  A troll (D:10)
  4 hippogriffs
  2 hornets (D:11)
  The ghost of Sassenached the Conjurer, an amateur KoCj (D:4)
  A meliai zombie (D:10)
  Sigmund (D:4)
  4 wargs (D:10)
  An acid dragon (D:11)
  Edmund (D:6)
  2 water moccasins
  4 orc warriors
  5 ice beasts
  A black bear (D:6)
  5 phantoms
  3 sky beasts
  7 ogres
  4 centaurs
  A big kobold (D:8)
  Blork the orc (D:6)
  9 bullfrogs
  A wyvern skeleton (D:6)
  5 scorpions
  10 wights
  4 killer bees (D:6)
  2 howler monkeys (D:7)
  3 crimson imps
  A quasit (D:6)
  2 bullfrog skeletons
  7 hounds
  A bullfrog zombie (D:6)
  2 jellies
  8 orc priests
  10 orc wizards
  2 centaur skeletons
  2 iguanas
  11 worker ants
  2 killer bee zombies
  2 hound zombies
  2 hound skeletons
  A worker ant zombie (D:9)
  3 gnolls (D:3)
  A howler monkey skeleton (D:8)
  11 adders
  5 shadow imps
  3 oozes
  4 worms
  2 adder skeletons
  2 adder zombies
  A dart slug (D:1)
  4 leopard geckos
  33 orcs
  A ball python (D:4)
  6 bats
  4 giant cockroaches
  6 goblins
  8 hobgoblins
  2 jackals (D:5)
  3 quokkas
  4 frilled lizards
  A giant cockroach zombie (D:5)
  13 kobolds
  A leopard gecko zombie (D:4)
  A quokka zombie (D:4)
  11 rats
292 creatures vanquished.

Vanquished Creatures (others)
  A slave (D:6)
  10 spectral weapons
11 creatures vanquished.

Grand Total: 303 creatures vanquished

Notes
Turn   | Place    | Note
-------+----------+-------------------------------------------
     0 | D:1      | Iamsoldier the Gnoll Skald began the quest for the Orb.
     0 | D:1      | Reached XP level 1. HP: 20/20 MP: 6/6
   116 | D:1      | Reached XP level 2. HP: 26/26 MP: 7/7
   123 | D:1      | Learned a level 2 spell: Shroud of Golubria
   397 | D:1      | Reached XP level 3. HP: 31/31 MP: 9/9
   411 | D:1      | Learned a level 3 spell: Spectral Weapon
   415 | D:1      | Learned a level 3 spell: Regeneration
   767 | D:2      | Reached skill level 5 in Spellcasting
   784 | D:2      | Found a basalt altar of Yredelemnul.
   851 | D:2      | Found a white marble altar of Elyvilon.
  1051 | D:2      | Found a glowing golden altar of the Shining One.
  1136 | D:2      | Reached skill level 1 in Invocations
  1409 | D:2      | Reached skill level 1 in Short Blades
  1409 | D:2      | Reached skill level 1 in Long Blades
  1409 | D:2      | Reached skill level 1 in Axes
  1409 | D:2      | Reached skill level 1 in Maces & Flails
  1409 | D:2      | Reached skill level 1 in Staves
  1409 | D:2      | Reached skill level 1 in Slings
  1409 | D:2      | Reached skill level 1 in Bows
  1409 | D:2      | Reached skill level 1 in Crossbows
  1409 | D:2      | Reached skill level 1 in Throwing
  1409 | D:2      | Reached skill level 1 in Stealth
  1409 | D:2      | Reached skill level 1 in Shields
  1409 | D:2      | Reached skill level 1 in Unarmed Combat
  1409 | D:2      | Reached skill level 1 in Evocations
  1409 | D:2      | Reached XP level 4. HP: 30/38 MP: 4/11
  1484 | D:2      | Found a sparkling altar of Nemelex Xobeh.
  1816 | D:3      | Noticed a bullfrog
  1831 | D:3      | Killed a bullfrog
  1831 | D:3      | Reached skill level 1 in Conjurations
  1831 | D:3      | Reached skill level 1 in Hexes
  1831 | D:3      | Reached skill level 1 in Summonings
  1831 | D:3      | Reached skill level 1 in Necromancy
  1831 | D:3      | Reached skill level 1 in Translocations
  1831 | D:3      | Reached skill level 1 in Transmutations
  1831 | D:3      | Reached skill level 1 in Fire Magic
  1831 | D:3      | Reached skill level 1 in Ice Magic
  1831 | D:3      | Reached skill level 1 in Air Magic
  1831 | D:3      | Reached skill level 1 in Earth Magic
  1831 | D:3      | Reached skill level 1 in Poison Magic
  1831 | D:3      | Reached XP level 5. HP: 39/43 MP: 2/12
  3154 | D:4      | Found a shattered altar of Ashenzari.
  3168 | D:4      | Became a worshipper of Ashenzari the Shackled
  3229 | D:4      | Found an ornate altar of the Wu Jian Council.
  3269 | D:4      | Found a glowing silver altar of Zin.
  3284 | D:4      | Noticed Sigmund
  3303 | D:4      | Killed Sigmund
  3303 | D:4      | Reached skill level 5 in Fighting
  3303 | D:4      | Reached skill level 5 in Polearms
  3303 | D:4      | Reached skill level 5 in Dodging
  3303 | D:4      | Reached XP level 6. HP: 40/51 MP: 3/14
  3458 | D:4      | HP: 1/51 [scorpion (3)]
  3893 | D:4      | Found a transporter.
  3894 | D:4      | Reached XP level 7. HP: 56/56 MP: 15/15
  3914 | D:4      | Found a transporter.
  3914 | D:4      | Noticed Sassenached's ghost (amateur KoCj)
  4627 | D:4      | Killed Sassenached's ghost
  4631 | D:4      | Reached XP level 8. HP: 43/63 MP: 3/16
  4940 | D:5      | Entered Level 5 of the Dungeon
  5663 | D:5      | Found a hide-covered altar of Uskayaw.
  5843 | D:5      | Found a staircase to the Ecumenical Temple.
  5864 | Temple   | Entered the Ecumenical Temple
  6338 | D:6      | Noticed Blork the orc
  6351 | D:6      | Noticed Edmund
  6400 | D:6      | Killed Blork the orc
  6423 | D:6      | Killed Edmund
  6488 | D:6      | Reached XP level 9. HP: 61/69 MP: 11/18
  6597 | D:6      | Noticed Pikel
  6603 | D:6      | Killed Pikel
  6604 | D:6      | Reached skill level 5 in Armour
  7859 | D:7      | Reached * piety under Ashenzari
  7901 | D:7      | Reached skill level 5 in Invocations
  8121 | D:7      | Reached XP level 10. HP: 77/77 MP: 17/20
  8735 | D:8      | Reached skill level 5 in Short Blades
  8735 | D:8      | Reached skill level 5 in Long Blades
  8735 | D:8      | Reached skill level 5 in Axes
  8735 | D:8      | Reached skill level 5 in Maces & Flails
  8735 | D:8      | Reached skill level 5 in Staves
  8735 | D:8      | Reached skill level 5 in Slings
  8735 | D:8      | Reached skill level 5 in Bows
  8735 | D:8      | Reached skill level 5 in Crossbows
  8735 | D:8      | Reached skill level 5 in Throwing
  8735 | D:8      | Reached skill level 5 in Stealth
  8735 | D:8      | Reached skill level 5 in Shields
  8735 | D:8      | Reached skill level 5 in Unarmed Combat
  8735 | D:8      | Reached skill level 5 in Evocations
  8951 | D:8      | Noticed a two-headed ogre
  8965 | D:8      | Killed a two-headed ogre
  9833 | D:9      | Found a staircase to the Lair.
  9850 | D:9      | Noticed Maurice
  9858 | D:9      | Killed Maurice
 10199 | D:9      | Found an iron altar of Okawaru.
 10587 | D:10     | Entered Level 10 of the Dungeon
 10603 | D:10     | Reached XP level 11. HP: 80/84 MP: 19/22
 11337 | D:10     | Identified a scroll of acquirement
 11337 | D:10     | Identified the cursed ring "Nyl Kopt" {Str+3 Dex+3} (You
                  | acquired it on level 10 of the Dungeon)
 11417 | D:10     | Reached ** piety under Ashenzari
 11457 | D:10     | Noticed a two-headed ogre
 11468 | D:10     | Killed a two-headed ogre
 11468 | D:10     | Reached skill level 5 in Conjurations
 11468 | D:10     | Reached skill level 5 in Hexes
 11468 | D:10     | Reached skill level 5 in Summonings
 11468 | D:10     | Reached skill level 5 in Necromancy
 11468 | D:10     | Reached skill level 5 in Translocations
 11468 | D:10     | Reached skill level 5 in Transmutations
 11468 | D:10     | Reached skill level 5 in Fire Magic
 11468 | D:10     | Reached skill level 5 in Ice Magic
 11468 | D:10     | Reached skill level 5 in Air Magic
 11468 | D:10     | Reached skill level 5 in Earth Magic
 11468 | D:10     | Reached skill level 5 in Poison Magic
 11555 | D:10     | Noticed a red ugly thing
 11565 | D:10     | Killed a red ugly thing
 11836 | D:10     | Found a staircase to the Orcish Mines.
 11957 | D:11     | Noticed a cyclops
 11987 | D:11     | Killed a cyclops
 12011 | D:11     | Noticed a green ugly thing
 12024 | D:11     | Killed a green ugly thing
 12512 | D:11     | Found a portal to a secret trove of treasure.
 12563 | D:11     | Noticed a cyclops
 12599 | D:11     | Killed a cyclops
 12780 | D:11     | Noticed a fire dragon
 12803 | D:11     | Killed a fire dragon
 12803 | D:11     | Reached XP level 12. HP: 36/93 MP: 20/24
 13099 | D:11     | Noticed a yaktaur captain
 13111 | D:11     | Killed a yaktaur captain
 13244 | D:11     | Noticed a catoblepas
 13263 | D:11     | Noticed a centaur warrior
 13264 | D:11     | Noticed a centaur warrior
 13294 | D:11     | Killed a centaur warrior
 13993 | D:11     | Noticed a five-headed hydra
 14011 | D:11     | Killed a five-headed hydra
 14440 | D:11     | Killed a centaur warrior
 14480 | D:11     | Noticed a yaktaur captain
 14517 | D:11     | Killed a catoblepas
 14596 | D:11     | Killed a yaktaur captain
 14813 | D:11     | Noticed an ettin
 14813 | D:11     | Noticed a fire giant
 14813 | D:11     | Noticed a tengu reaver
 14814 | D:11     | Identified the +1 hat of Ycezolel {+Inv MR++ Int+4 Slay+3}
 14845 | D:11     | Killed a tengu reaver
 15213 | D:11     | Killed a fire giant
 15533 | D:11     | an ettin changed into a slime creature
 15754 | D:11     | Noticed a tengu reaver
 15754 | D:11     | Noticed a fire giant
 15798 | D:11     | Killed a tengu reaver
 15798 | D:11     | Reached XP level 13. HP: 19/101 MP: 15/26
 15799 | D:11     | Killed from afar by a fire giant

Levels and vault maps discovered:
D:1:      roderic_chinese_lattice_arrival, layout_basic
D:2:      layout_loops_corners, kennysheep_ying_yang, lemuel_crystal_altar,
          old_standard_altar, first_ration
D:3:      layout_basic, feat_on_display
D:4:      minmay_clustersquares, layout_loops_ring,
          nicolae_overflow_hidden_temple, lemuel_round_altar,
          cheibrodos_ashenzari_chains, gammafunk_ghost_mausoleum, uniq_sigmund
D:5:      layout_cave_pools, eat_drink_and_be_merry_uskayaw,
          minmay_temple_entry_fiery, dk_noncrumbling_2
D:6:      layout_loops_corners, uniq_edmund, uniq_blork_the_orc, uniq_pikel
D:7:      layout_basic
D:8:      layout_loops_cross
D:9:      layout_long_grid, lemuel_crystal_altar, dpeg_oklobed_lair,
          uniq_maurice
D:10:     layout_irregular_city, minmay_orc_entry_guard_dogs
D:11:     minmay_tearing_corner, layout_basic, enter_trove_3, grunt_tengu_nest
Temple:   oiseaux_autumnal_temple

Skill      XL: |  1  2  3  4  5  6  7  8  9 10 11 12 |
---------------+-------------------------------------+-----
Spellcasting   | 5 6 7 8 9 |  9.3
Invocations    | 1 2 3 4 5 6 7 8 |  8.4
Short Blades   | 1 2 3 4 5 6 7 |  7.7
Long Blades    | 1 2 3 4 5 6 7 |  7.7
Axes           | 1 2 3 4 5 6 7 |  7.7
Maces & Flails | 1 2 3 4 5 6 7 |  7.7
Staves         | 1 2 3 4 5 6 7 |  7.7
Slings         | 1 2 3 4 5 6 7 |  7.7
Bows           | 1 2 3 4 5 6 7 |  7.7
Crossbows      | 1 2 3 4 5 6 7 |  7.7
Throwing       | 1 2 3 4 5 6 7 |  7.7
Stealth        | 1 2 3 4 5 6 7 |  7.7
Shields        | 1 2 3 4 5 6 7 |  7.7
Unarmed Combat | 1 2 3 4 5 6 7 |  7.7
Evocations     | 1 2 3 4 5 6 7 |  7.7
Conjurations   | 1 2 3 4 5 6 |  6.4
Hexes          | 1 2 3 4 5 6 |  6.4
Summonings     | 1 2 3 4 5 6 |  6.4
Necromancy     | 1 2 3 4 5 6 |  6.4
Translocations | 1 2 3 4 5 6 |  6.4
Transmutations | 1 2 3 4 5 6 |  6.4
Fire Magic     | 1 2 3 4 5 6 |  6.4
Ice Magic      | 1 2 3 4 5 6 |  6.4
Air Magic      | 1 2 3 4 5 6 |  6.4
Earth Magic    | 1 2 3 4 5 6 |  6.4
Poison Magic   | 1 2 3 4 5 6 |  6.4
Armour         | 3 4 5 6 7 8 |  8.2
Fighting       | 5 6 7 8 9 |  9.1
Polearms       | 5 6 7 8 9 |  9.1
Dodging        | 5 6 7 8 9 |  9.1
Charms         | 6 7 8 |  8.5

Action                   |  1- 3 |  4- 6 |  7- 9 | 10-12 | 13-15 || total
-------------------------+-------+-------+-------+-------+-------++-------
Melee: Spear             |    80 |   141 |   309 |       |       ||   530
       Bite              |     7 |     9 |    42 |    78 |       ||   136
       Punch             |       |     2 |     9 |       |       ||    11
       Trident           |       |       |    43 |     8 |       ||    51
       Flail             |       |       |    39 |   469 |       ||   508
 Cast: Infusion          |     1 |     3 |     1 |       |       ||     5
       Shroud of Golubri |     2 |     6 |    25 |    38 |       ||    71
       Spectral Weapon   |     1 |     5 |    28 |    48 |       ||    82
       Regeneration      |       |       |     3 |    19 |       ||    22
Invok: Curse Item        |       |     1 |     1 |     3 |       ||     5
Evoke: Wand              |       |       |     3 |     5 |     1 ||     9
  Use: Scroll            |       |       |    10 |     7 |       ||    17
       Potion            |       |       |       |     8 |       ||     8
 Stab: Sleeping          |     4 |     3 |    10 |     5 |       ||    22
       Distracted        |       |       |     2 |     3 |       ||     5
       Petrified         |       |       |       |     3 |       ||     3
  Eat: Chunk             |     1 |     8 |    13 |    27 |       ||    49
       Ration            |       |       |     1 |       |       ||     1
Armor: Leather armour    |     6 |    22 |    64 |    96 |       ||   188
       Robe              |       |       |       |    23 |       ||    23
Dodge: Dodged            |    49 |    73 |   240 |   355 |       ||   717
Block: Shield            |       |       |       |   235 |       ||   235
